 Dungeon Crawl Stone Soup version 0.27.0-1-g7a089689b8 (webtiles) character file.

Game seed: 17800942618119994168

135 BbI4ka the Covered (level 4, -3/40 HPs)
             Began as a Minotaur Fighter on Aug 9, 2021.
             Slain by Grinder (5 damage)
             ... on level 3 of the Dungeon.
             The game lasted 00:03:59 (2564 turns).

BbI4ka the Covered (Minotaur Fighter)               Turns: 2564, Time: 00:04:00

Health: -3/40      AC:  7    Str: 21    XL:     4   Next: 96%
Magic:  3/3        EV:  8    Int:  5    God:
Gold:   85         SH:  9    Dex: 10    Spells: 3/3 levels left

rFire    . . .     SeeInvis .   a - +0 war axe
rCold    . . .     Faith    .   c - +0 kite shield
rNeg     . . .     Spirit   .   b - +0 scale mail
rPois    .         Reflect  .   (helmet restricted)
rElec    .         Harm     .   (no cloak)
rCorr    .         Rampage  .   (no gloves)
Will     .....                  (no boots)
Stlth    ..........             n - amulet of the acrobat
HPRegen  0.13/turn              (no ring)
MPRegen  0.08/turn              (no ring)

@: no status effects
A: horns 2, retaliatory headbutt
a: no special abilities


You were on level 3 of the Dungeon.
You visited 1 branch of the dungeon, and saw 3 of its levels.

You collected 85 gold pieces.

Inventory:

Hand Weapons
 a - a +0 war axe (weapon)
Armour
 b - a +0 scale mail (worn)
 c - a +0 kite shield (worn)
Jewellery
 n - an amulet of the acrobat (around neck)
Scrolls
 f - a scroll of identify
 h - a scroll of fog {unknown}
Potions
 d - 2 potions of might
 e - a potion of curing {unknown}
 g - 2 potions of attraction
 k - a potion of magic


   Skills:
 + Level 4.1 Fighting
 + Level 4.1 Axes
 + Level 4.8 Armour
 + Level 0.9 Dodging
 + Level 4.3 Shields


You had 3 spell levels left.
You didn't know any spells.
Your spell library contained the following spells:

 Spells                   Type           Power      Damage    Failure   Level
 Olgreb's Toxic Radiance  Pois           0%         N/A       100%        4
 Ozocubu's Refrigeration  Ice            0%         4d5       100%        7
 Ignition                 Fire           0%         3d3       100%        8


Dungeon Overview and Level Annotations

Branches:
Dungeon (3/15)

Altars:
Yredelemnul

Annotations:
D:3 Grinder


Innate Abilities, Weirdness & Mutations

You have a pair of horns on your head.
You reflexively headbutt those who attack you in melee.


Message History

You headbutt Grinder! You slash Grinder! You headbutt Grinder.
Grinder is heavily wounded.
Grinder gestures at you.
You shrug off the repeated paralysis!
You hit Grinder but do no damage. Your headbutt misses Grinder.
Grinder is heavily wounded.
Grinder gestures at you. Pain shoots through your body!
Grinder hits you but does no damage.
You closely miss Grinder.
Grinder is heavily wounded.
Grinder hits you.
Grinder blinks!
Grinder says, "What is the universe for?"
Grinder misses you. You furiously retaliate!
You headbutt Grinder. You closely miss Grinder.
Grinder is heavily wounded.
Grinder gestures at you. You resist with significant effort.
You hit Grinder but do no damage. Your headbutt misses Grinder.
Grinder is heavily wounded.
You block Grinder's attack.
Grinder blinks!
You hit Grinder but do no damage.
Grinder is heavily wounded.
Grinder gestures at you. Pain shoots through your body!
* * * LOW HITPOINT WARNING * * *
You closely miss Grinder.
Grinder is heavily wounded.
Grinder gestures at you. Pain shoots through your body!
* * * LOW HITPOINT WARNING * * *
Grinder hits you but does no damage.
Your shield prevents you from hitting Grinder.
Grinder is heavily wounded.
Grinder hits you.
* * * LOW HITPOINT WARNING * * *
You barely miss Grinder.
Grinder is heavily wounded.
Grinder hits you.
You die...

..........#...#...#
##.......#...#...#..
#.........#...#...#
#.......#...#...#..
###.).....#...#...#
#.##..#...#...#..
#########.......#...#...#
#........5.##.#...#...#..
........@.......#...#.).#
#..........##.....#...#.
.........[.##.......#..
####.......##....##...#
##......##.#..# ..#
###....##.#..# .#
.........#.# .#######..
>. #.


You could see Grinder.

Vanquished Creatures
  A hound (D:3)
  4 gnolls
  A worm (D:2)
  A dart slug (D:2)
  An orc (D:3)
  3 bats
  7 endoplasms
  A giant cockroach (D:2)
  6 goblins
  3 hobgoblins
  10 jackals
  3 kobolds
  3 quokkas
  4 ball pythons
  2 frilled lizards (D:1)
  5 rats
55 creatures vanquished.

Notes
Turn   | Place    | Note
-------+----------+-------------------------------------------
     0 | D:1      | BbI4ka the Minotaur Fighter began the quest for the Orb.
     0 | D:1      | Reached XP level 1. HP: 19/19 MP: 0/0
   109 | D:1      | Found a faded altar of an unknown god.
   136 | D:1      | Reached XP level 2. HP: 25/27 MP: 1/1
   695 | D:1      | Reached XP level 3. HP: 33/33 MP: 2/2
  1464 | D:2      | You fall into a shaft and drop 1 floor!
  1478 | D:3      | Reached XP level 4. HP: 30/40 MP: 3/3
  1843 | D:3      | Found a basalt altar of Yredelemnul.
  2543 | D:3      | Noticed Grinder
  2545 | D:3      | Paralysed by Grinder for 7 turns
  2563 | D:3      | HP: 1/40 [Grinder (3)]
  2564 | D:3      | Slain by Grinder

Illustrated notes

Levels and vault maps discovered:
D:1:      eino_arrival_cavern_b, layout_rooms,
          ebering_ecumenical_altar_sacrificial, kennysheep_crisscross
D:2:      minmay_door_path, layout_basic
D:3:      layout_basic, old_standard_altar, kennysheep_flooded_box, hex_large,
          uniq_grinder

Skill      XL: |  1  2  3  4 |
---------------+-------------+-----
Armour         | 4 |  4.8
Shields        | 4 |  4.3
Fighting       | 4 |  4.1
Axes           | 3 4 |  4.1
Dodging        | |  0.9

Action                   |  1- 3 |  4- 6 || total
-------------------------+-------+-------++-------
Melee: War axe           |    89 |    45 ||   134
       Headbutt          |    14 |     5 ||    19
  Use: Scroll            |       |     5 ||     5
       Potion            |       |     3 ||     3
Armor: Scale mail        |    57 |    10 ||    67
Dodge: Dodged            |    36 |    20 ||    56
Block: Kite shield       |    60 |    17 ||    77
